BSA
SPRINGFIELD STARS @ ST CHARLES SHEENS
05/11/2024
 
TOP OF THE 1ST
Springfield Stars batting - Pitching for St Charles Sheens : RHP Bob Moss
Pitching: RHP Bob Moss
Batting: RHB Miguel Monteagudo 0-0: Swinging Strike
0-1: Ball
1-1: Foul Ball, location: 2F
1-2: Fly out, F8 (Line Drive, 8LS)
Batting: LHB Felipe Guerrero 0-0: Ball
1-0: Ball
2-0: Foul Ball, location: 2F
2-1: Ball
3-1: Base on Balls
Batting: RHB Calvin Bennett 0-0: Ball
1-0: Fly out, F6 (Popup, 4M)
Batting: LHB Derek Davidson 0-0: Foul Ball, location: 2F
0-1: Ground out 1-3 (Groundball, 15)
Top of the 1st over - 0 run(s), 0 hit(s), 0 error(s), 1 left on base; Springfield 0 - St Charles 0
BOTTOM OF THE 1ST
St Charles Sheens batting - Pitching for Springfield Stars : LHP Joaquín Gonzáles
Pitching: LHP Joaquín Gonzáles
Batting: RHB Alfredo Rivera 0-0: Called Strike
0-1: Called Strike
0-2: Ball
1-2: Ball
2-2: Ball
3-2: Foul Ball, location: 2F
3-2: Base on Balls
Batting: RHB Max Rash 0-0: Fly out, F8 (Line Drive, 8LD)
Batting: RHB Judson Backstrom 0-0: Ball
1-0: Ball
2-0: Ball
3-0: SINGLE (Groundball, 56D)
Alfredo Rivera to second
Batting: LHB Bob Ware 0-0: Ball
1-0: Ball
2-0: Called Strike
2-1: Swinging Strike
2-2: Fly out, F9 (Flyball, 9LSF)
Batting: LHB Jeff Carter 0-0: Ball
1-0: Foul Ball, location: 2F
1-1: Foul Ball, location: 2F
1-2: Ball
2-2: Strikes out looking
Bottom of the 1st over - 0 run(s), 1 hit(s), 0 error(s), 2 left on base; Springfield 0 - St Charles 0
TOP OF THE 2ND
Springfield Stars batting - Pitching for St Charles Sheens : RHP Bob Moss
Batting: LHB César Valentín 0-0: Ball
1-0: Ground out 5-3 (Groundball, 5L)
Batting: LHB Ryan Drake 0-0: Called Strike
0-1: Swinging Strike
0-2: SINGLE (Line Drive, 9S)
Batting: RHB Will Sterling 0-0: Ball
1-0: Ball
2-0: Called Strike
2-1: Foul Ball, location: 2F
2-2: Strikes out swinging
Batting: RHB José Pinto 0-0: Ball
1-0: Foul Ball, location: 2F
1-1: Fielders Choice at 2nd, U4 (Groundball, 4M)
Top of the 2nd over - 0 run(s), 1 hit(s), 0 error(s), 1 left on base; Springfield 0 - St Charles 0
BOTTOM OF THE 2ND
St Charles Sheens batting - Pitching for Springfield Stars : LHP Joaquín Gonzáles
Batting: RHB Júlio Hernández 0-0: Swinging Strike
0-1: Ball
1-1: Ground out 3-1 (Groundball, 34)
Batting: LHB Gene Cooper 0-0: Called Strike
0-1: Ball
1-1: Ground out 4-3 (Groundball, 34)
Batting: RHB Xavier Feliciano 0-0: Ball
1-0: Ground out 6-3 (Groundball, 6)
Bottom of the 2nd over - 0 run(s), 0 hit(s), 0 error(s), 0 left on base; Springfield 0 - St Charles 0
TOP OF THE 3RD
Springfield Stars batting - Pitching for St Charles Sheens : RHP Bob Moss
Batting: LHB Jesús Tobías 0-0: Called Strike
0-1: Swinging Strike
0-2: Ball
1-2: Ball
2-2: Foul Ball, location: 2F
2-2: Strikes out looking
Batting: RHB Miguel Monteagudo 0-0: Ball
1-0: Called Strike
1-1: Ball
2-1: Ball
3-1: Base on Balls
Batting: LHB Felipe Guerrero 0-0: Ball
1-0: Foul Ball, location: 2F
1-1: SINGLE (Groundball, 34)
Miguel Monteagudo to second
Runner from 2nd tries for 3rd, SAFE, throw made to third
Felipe Guerrero to second
Batting: RHB Calvin Bennett 0-0: Fly out, F9 (Flyball, 9M)
Runner from 3rd tags up, SCORES, no throw
Batting: LHB Derek Davidson 0-0: Fly out, F7 (Popup, 7LS)
Top of the 3rd over - 1 run(s), 1 hit(s), 0 error(s), 1 left on base; Springfield 1 - St Charles 0
BOTTOM OF THE 3RD
St Charles Sheens batting - Pitching for Springfield Stars : LHP Joaquín Gonzáles
Batting: RHB Guo-xiu Choi 0-0: Foul Ball, location: 2F
0-1: Ball
1-1: Foul Ball, location: 2F
1-2: SOLO HOME RUN (Flyball, 8LXD), Distance : 462 ft
Batting: RHB Alfredo Rivera 0-0: Called Strike
0-1: Ball
1-1: Called Strike
1-2: Ball
2-2: Foul Ball, location: 2F
2-2: Foul Ball, location: 2F
2-2: Foul Ball, location: 2F
2-2: Ground out 3-1 (Groundball, 34)
Batting: RHB Max Rash 0-0: Ball
1-0: Ball
2-0: Ball
3-0: Called Strike
3-1: Foul Ball, location: 2F
3-2: Fly out, F3 (Line Drive, 3L)
Batting: RHB Judson Backstrom 0-0: SOLO HOME RUN (Flyball, 78XD), Distance : 428 ft
Batting: LHB Bob Ware 0-0: Ball
1-0: Ball
2-0: Foul Ball, location: 2F
2-1: Ground out 4-3 (Groundball, 34)
Bottom of the 3rd over - 2 run(s), 2 hit(s), 0 error(s), 0 left on base; Springfield 1 - St Charles 2
TOP OF THE 4TH
Springfield Stars batting - Pitching for St Charles Sheens : RHP Bob Moss
Batting: LHB César Valentín 0-0: Ball
1-0: Called Strike
1-1: Foul Ball, location: 2F
1-2: Strikes out swinging
Batting: LHB Ryan Drake 0-0: Called Strike
0-1: Called Strike
0-2: Ball
1-2: Strikes out swinging
Batting: RHB Will Sterling 0-0: Ball
1-0: Ball
2-0: Swinging Strike
2-1: Called Strike
2-2: Foul Ball, location: 2F
2-2: Strikes out swinging
Top of the 4th over - 0 run(s), 0 hit(s), 0 error(s), 0 left on base; Springfield 1 - St Charles 2
BOTTOM OF THE 4TH
St Charles Sheens batting - Pitching for Springfield Stars : LHP Joaquín Gonzáles
Batting: LHB Jeff Carter 0-0: Called Strike
0-1: Swinging Strike
0-2: Foul Ball, location: 2F
0-2: Ball
1-2: Fly out, F7 (Flyball, 78XD)
Batting: RHB Júlio Hernández 0-0: Called Strike
0-1: Ball
1-1: Ball
2-1: Swinging Strike
2-2: SINGLE (Groundball, 34) (infield hit)
Batting: LHB Gene Cooper 0-0: Called Strike
0-1: Called Strike
0-2: Ball
1-2: Fly out, F7 (Flyball, 7LS)
Batting: RHB Xavier Feliciano 0-0: Ball
1-0: Ball
2-0: Ball
3-0: Called Strike
3-1: Swinging Strike
3-2: Foul Ball, location: 2F
3-2: Foul Ball, location: 2F
3-2: 2-RUN HOME RUN (Flyball, 7D), Distance : 378 ft
Batting: RHB Guo-xiu Choi 0-0: Swinging Strike
0-1: Swinging Strike
0-2: Ball
1-2: Ball
2-2: Strikes out swinging
Bottom of the 4th over - 2 run(s), 2 hit(s), 0 error(s), 0 left on base; Springfield 1 - St Charles 4
TOP OF THE 5TH
Springfield Stars batting - Pitching for St Charles Sheens : RHP Bob Moss
Batting: RHB José Pinto 0-0: Called Strike
0-1: SINGLE (Groundball, 4MD)
Batting: LHB Jesús Tobías 0-0: Ball
1-0: Ball
2-0: Called Strike
2-1: Swinging Strike
2-2: Ball
3-2: Foul Ball, location: 2F
3-2: Foul Ball, location: 2F
3-2: Base on Balls
José Pinto to second
Batting: RHB Miguel Monteagudo 0-0: Swinging Strike
0-1: Called Strike
0-2: Strikes out swinging
Batting: LHB Felipe Guerrero 0-0: Ball
José Pinto steals 3rd base
Jesús Tobías to second
1-0: Foul Ball, location: 2F
1-1: Foul Ball, location: 2F
1-2: Ground out 6-3 (Groundball, 6)
José Pinto scores
Jesús Tobías to third
Batting: RHB Calvin Bennett 0-0: Called Strike
0-1: Ball
1-1: Ground out 4-3 (Groundball, 4M)
Top of the 5th over - 1 run(s), 1 hit(s), 0 error(s), 1 left on base; Springfield 2 - St Charles 4
BOTTOM OF THE 5TH
St Charles Sheens batting - Pitching for Springfield Stars : LHP Joaquín Gonzáles
Batting: RHB Alfredo Rivera 0-0: Ball
1-0: SOLO HOME RUN (Flyball, 78D), Distance : 432 ft
Batting: RHB Max Rash 0-0: Ball
1-0: Ball
2-0: Foul Ball, location: 2F
2-1: Ball
3-1: Base on Balls
Batting: RHB Judson Backstrom 0-0: Called Strike
0-1: Ball
1-1: Ground out 2-3 (Groundball, 25)
Max Rash to second
Batting: LHB Bob Ware 0-0: Ground out 4-3 (Groundball, 4)
Max Rash to third
Batting: LHB Jeff Carter 0-0: Swinging Strike
0-1: SINGLE (Groundball, 4MD) (infield hit)
Max Rash scores
Batting: RHB Júlio Hernández 0-0: Ball
1-0: DOUBLE (Flyball, 9LS)
Jeff Carter to third
Runner from 3rd tries for Home, SAFE, no throw or cutoff
Pitching: LHP Jeremy Meyer
Batting: LHB Gene Cooper 0-0: Ball
1-0: Fly out, F7 (Flyball, 7LD)
Bottom of the 5th over - 3 run(s), 3 hit(s), 0 error(s), 1 left on base; Springfield 2 - St Charles 7
TOP OF THE 6TH
Springfield Stars batting - Pitching for St Charles Sheens : RHP Bob Moss
Batting: LHB Derek Davidson 0-0: Swinging Strike
0-1: Ball
1-1: Fly out, F8 (Flyball, 8RS)
Batting: LHB César Valentín 0-0: Called Strike
0-1: Ball
1-1: Fly out, F6 (Popup, 6D)
Batting: LHB Ryan Drake 0-0: Foul Ball, location: 2F
0-1: Ball
1-1: Foul Ball, location: 2F
1-2: Ground out 3-1 (Groundball, 34)
Top of the 6th over - 0 run(s), 0 hit(s), 0 error(s), 0 left on base; Springfield 2 - St Charles 7
BOTTOM OF THE 6TH
St Charles Sheens batting - Pitching for Springfield Stars : LHP Jeremy Meyer
Batting: RHB Xavier Feliciano 0-0: Called Strike
0-1: Ball
1-1: Ball
2-1: Foul Ball, location: 2F
2-2: Ball
3-2: Foul Ball, location: 2F
3-2: Base on Balls
Batting: RHB Guo-xiu Choi 0-0: Called Strike
0-1: Ball
1-1: Ball
2-1: Swinging Strike
2-2: Ball
3-2: Foul Ball, location: 2F
3-2: Foul Ball, location: 2F
3-2: Strikes out swinging
Batting: RHB Alfredo Rivera 0-0: Called Strike
0-1: Ball
1-1: Grounds into double play, 6-4-3 (Groundball, 6M)
Bottom of the 6th over - 0 run(s), 0 hit(s), 0 error(s), 0 left on base; Springfield 2 - St Charles 7
TOP OF THE 7TH
Springfield Stars batting - Pitching for St Charles Sheens : RHP Bob Moss
Batting: RHB Will Sterling 0-0: Ball
1-0: Called Strike
1-1: Swinging Strike
1-2: Foul Ball, location: 2F
1-2: Foul Ball, location: 2F
1-2: Foul Ball, location: 2F
1-2: Strikes out swinging
Batting: RHB José Pinto 0-0: Swinging Strike
0-1: Swinging Strike
0-2: Strikes out looking
Batting: LHB Jesús Tobías 0-0: Foul Ball, location: 2F
0-1: Swinging Strike
0-2: Strikes out swinging
Top of the 7th over - 0 run(s), 0 hit(s), 0 error(s), 0 left on base; Springfield 2 - St Charles 7
BOTTOM OF THE 7TH
St Charles Sheens batting - Pitching for Springfield Stars : LHP Jeremy Meyer
Batting: RHB Max Rash 0-0: Called Strike
0-1: Foul Ball, location: 2F
0-2: Ball
1-2: Foul Ball, location: 2F
1-2: Fly out, F7 (Flyball, 78S)
Batting: RHB Judson Backstrom 0-0: Ball
1-0: Called Strike
1-1: Foul Ball, location: 2F
1-2: Fly out, F8 (Flyball, 8RS)
Batting: LHB Bob Ware 0-0: Ball
1-0: Ball
2-0: Called Strike
2-1: Ground out 4-3 (Groundball, 4)
Bottom of the 7th over - 0 run(s), 0 hit(s), 0 error(s), 0 left on base; Springfield 2 - St Charles 7
TOP OF THE 8TH
Springfield Stars batting - Pitching for St Charles Sheens : RHP Bob Moss
Pitching: RHP Paco Canpos
Batting: RHB Miguel Monteagudo 0-0: DOUBLE (Flyball, 9LM)
Batting: LHB Felipe Guerrero 0-0: Foul Ball, location: 2F
0-1: Foul Ball, location: 2F
0-2: Ball
1-2: Ball
2-2: Ball
3-2: Strikes out looking
Batting: RHB Calvin Bennett 0-0: Called Strike
0-1: Called Strike
0-2: Foul Ball, location: 2F
0-2: Foul Ball, location: 2F
0-2: Ball
1-2: Foul Ball, location: 2F
1-2: Ball
2-2: Ball
3-2: Base on Balls
Batting: LHB Derek Davidson 0-0: Called Strike
0-1: Ball
1-1: Foul Ball, location: 2F
1-2: Ball
2-2: Strikes out swinging
Batting: LHB César Valentín 0-0: Called Strike
0-1: Ball
1-1: Ball
2-1: Fielders Choice at 2nd, U4 (Groundball, 4M)
Top of the 8th over - 0 run(s), 1 hit(s), 0 error(s), 2 left on base; Springfield 2 - St Charles 7
BOTTOM OF THE 8TH
St Charles Sheens batting - Pitching for Springfield Stars : LHP Jeremy Meyer
Batting: LHB Jeff Carter 0-0: Ball
1-0: Foul Ball, location: 2F
1-1: Foul Ball, location: 2F
1-2: Foul Ball, location: 2F
1-2: Strikes out looking
Pitching: RHP Víctor López
Batting: RHB Júlio Hernández 0-0: SINGLE (Groundball, 5D)
Batting: LHB Gene Cooper 0-0: Ball
1-0: Ball
2-0: Fly out, F6 (Popup, 6)
Batting: RHB Xavier Feliciano 0-0: Ball
1-0: Called Strike
1-1: Foul Ball, location: 2F
1-2: Ball
Júlio Hernández is caught stealing 2nd base
Bottom of the 8th over - 0 run(s), 1 hit(s), 0 error(s), 0 left on base; Springfield 2 - St Charles 7
TOP OF THE 9TH
Springfield Stars batting - Pitching for St Charles Sheens : RHP Paco Canpos
Pitching: RHP Juan Rivera
Batting: LHB Ryan Drake 0-0: Ball
1-0: Ball
2-0: SINGLE (Groundball, 4MD)
Batting: RHB Will Sterling 0-0: Ball
1-0: DOUBLE (Line Drive, 7LS)
Ryan Drake to third
Batting: RHB José Pinto 0-0: Ground out 3-1 (Groundball, 3)
Batting: LHB Jesús Tobías 0-0: Ball
1-0: Called Strike
1-1: Fly out, F7 (Flyball, 7M)
Runner from 3rd tags up, SCORES, throw made
Batting: RHB Miguel Monteagudo 0-0: Ball
1-0: Swinging Strike
1-1: Foul Ball, location: 2F
1-2: Strikes out looking
Top of the 9th over - 1 run(s), 2 hit(s), 0 error(s), 1 left on base; Springfield 3 - St Charles 7
This league is powered by Out of the Park Baseball, the baseball management simulation game for PC, Mac and Linux
Saturday, April 9th, 2016 - OOTP Baseball 16.8 Build 38